 Dungeon Crawl Stone Soup version 0.29.1-12-g30fa7ad0bf (webtiles) character file.

Game seed: 9305120468226097294

9646 oberst the Schismatic (level 11, -2/89 HPs)
             Began as a Demonspawn Abyssal Knight on Jan 14, 2023.
             Was an Elder of Lugonu.
             Slain by a boulder beetle (45 damage)
             ... on level 11 of the Dungeon.
             The game lasted 00:27:41 (14958 turns).

oberst the Schismatic (Demonspawn Abyssal Knight)  Turns: 14958, Time: 00:27:46

Health: -2/89      AC: 17    Str: 17    XL:     11   Next: 25%
Magic:  0/19       EV:  7    Int: 12    God:    Lugonu [****..]
Gold:   608        SH:  0    Dex: 14    Spells: 10/10 levels left

rFire   . . .      SeeInvis +   m - +0 hand axe (venom)
rCold   . . .      Faith    .   (no shield)
rNeg    . . .      Spirit   +   O - +3 chain mail
rPois   .          Reflect  .   (helmet unavailable)
rElec   .          Harm     .   w - +0 cloak
rCorr   .          Rampage  .   d - +0 pair of gloves
Will    .....                   (no boots)
Stlth   ..........              I - amulet of guardian spirit
HPRegen 0.24/turn               F - +4 ring of slaying
MPRegen 0.16/turn               E - +4 ring of protection

@: no status effects
A: antennae 3, hooves 1, demonic guardian 2, weakness stinger 2
a: Renounce Religion, Depart the Abyss, Bend Space, Banish, Corrupt


You were on level 11 of the Dungeon.
You worshipped Lugonu.
Lugonu was greatly pleased with you.
You visited 1 branch of the dungeon, and saw 11 of its levels.
You visited the Abyss 1 time.
You also visited: Sewer.

You collected 608 gold pieces.

Inventory:

Hand Weapons
 a - a +1 hand axe
 m - a +0 hand axe of venom (weapon)
Missiles
 c - 2 throwing nets
 e - 3 javelins (quivered)
 h - 122 stones
Armour
 b - a +0 leather armour
 d - a +0 pair of gloves (worn)
 g - a +0 helmet
 l - a +0 scale mail
 p - a +0 plate armour
 w - a +0 cloak (worn)
 O - a +3 chain mail (worn)
Jewellery
 o - a ring of flight
 s - a +6 ring of intelligence
 D - a ring of magical power
 E - a +4 ring of protection (right hand)
 F - a +4 ring of slaying (left hand)
 I - an amulet of guardian spirit (around neck)
 K - a ring of wizardry
 L - a ring of poison resistance
 M - the ring "Uhitiu Saebb" {*Slow rF+ Str+3 Int+2 Dex+6}
   (You found it on level 8 of the Dungeon)

   [ring of dexterity]

   Str:       It affects your strength (+3).
   Int:       It affects your intelligence (+2).
   Dex:       It affects your dexterity (+6).
   rF:        It protects you from fire.
   *Slow:     It may slow you when you take damage.
 P - a ring of wizardry
Wands
 x - a wand of roots (24)
 N - a wand of charming (2)
Scrolls
 f - 6 scrolls of teleportation
 j - 2 scrolls of magic mapping
 t - 3 scrolls of noise {unknown}
 y - 7 scrolls of fog
 B - 2 scrolls of enchant weapon {unknown}
 C - 2 scrolls of immolation {unknown}
 G - 2 scrolls of blinking {unknown}
 Q - 3 scrolls of vulnerability
 R - a scroll of amnesia {unknown}
 V - a scroll of identify
 W - a scroll of brand weapon {unknown}
Potions
 i - a potion of heal wounds
 k - 2 potions of lignification
 n - 2 potions of might
 q - 7 potions of brilliance
 r - 3 potions of haste
 u - a potion of degeneration
 v - 3 potions of curing
 z - 2 potions of magic
 A - a potion of mutation
 H - 2 potions of attraction
 J - a potion of ambrosia {unknown}
 S - 2 potions of flight
 T - 2 potions of cancellation {unknown}
 U - a potion of berserk rage {unknown}


   Skills:
 + Level 9.5 Fighting
 - Level 2.6 Axes
 - Level 1.7 Armour
 - Level 0.8 Dodging
 * Level 11.2 Unarmed Combat
 + Level 11.9 Invocations


You had 10 spell levels left.
You didn't know any spells.
Your spell library contained the following spells:

 Spells                   Type           Power      Damage    Failure   Level
 Sandblast                Erth           0%         2d4       99%         1
 Passwall                 Tmut/Erth      0%         N/A       100%        2
 Poisonous Vapours        Pois/Air       0%         N/A       100%        2
 Static Discharge         Conj/Air       0%         3-3/arc   100%        2
 Sublimation of Blood     Necr           0%         N/A       100%        2
 Wereblood                Tmut           0%         N/A       100%        2
 Stone Arrow              Conj/Erth      0%         3d7       100%        3
 Airstrike                Air            0%         2d(0-16)  100%        4
 Corpse Rot               Necr/Pois/Air  0%         N/A       100%        4
 Dispel Undead            Necr           0%         3d6       100%        4
 Fulminant Prism          Conj/Hex       0%         3d6       100%        4
 Iskenderun's Mystic Bla  Conj/Tloc      0%         2d3       100%        4
 Petrify                  Tmut/Erth      0%         N/A       100%        4
 Sticky Flame             Conj/Fire      0%         2d3       100%        4
 Summon Lightning Spire   Summ/Air       0%         N/A       100%        4
 Lee's Rapid Deconstruct  Erth           0%         3d5*      100%        5
 Lightning Bolt           Conj/Air       0%         1d11      100%        5
 Metabolic Englaciation   Hex/Ice        0%         N/A       100%        5
 Statue Form              Tmut/Erth      0%         N/A       100%        6
 Summon Hydra             Summ           0%         N/A       100%        7


Dungeon Overview and Level Annotations

Branches:
Dungeon (11/15)            Temple (0/1) D:7            Lair (0/5) D:9
    Orc (0/2) D:10          Sewer (visited)

Altars:
Cheibriados
Dithmenos
Hepliaklqana
Kikubaaqudgha
Okawaru
Qazlal
Trog
Uskayaw
Xom
Yredelemnul

Annotations:
D:7 1 runed translucent door
Abyss:1 Maggie, Maurice, Prince Ribbit, Sigmund


Innate Abilities, Weirdness & Mutations

You have a pair of large antennae on your head. (SInv)
You have large cloven feet.
A demonic guardian rushes to your aid.
You have a tail ending in a sharp stinger.


Message History

The yak is moderately wounded.
You hit the yak. You slash the yak!
The yak is poisoned.
The yak gores you. The yak gores you but does no damage.
You barely miss the yak.
The yak is heavily wounded.
You barely miss the yak. You hit the yak.
The yak looks as sick as possible!
The yak gores you! The yak barely misses you. The yak gores you!
You hit the yak.
The yak looks as sick as possible!
You kick the yak.
The yak is severely wounded.
You hit the yak. x2; The yak looks as sick as possible!
You hit the yak but do no damage.
The yak is poisoned.
The yak gores you but does no damage. The yak gores you.
The yak gores you but does no damage. The yak gores you. x2
The yak barely misses you. x2; The yak gores you!
You hit the yak.
You kill the yak!
Lugonu accepts your kill.
You hit the yak but do no damage.
The yak looks as sick as possible!
You hit the yak.
The yak looks as sick as possible!
You hit the yak but do no damage. The yak barely misses you. x2
The yak gores you.
You slash the yak!
You tail-slap the yak, but do no damage.
The yak is almost dead.
You hit the yak.
The yak looks as sick as possible!
You hit the yak.
The yak gores you but does no damage. x2; The yak closely misses you.
The boulder beetle curls into a ball and begins rolling!
You hit the yak.
You kill the yak!
Lugonu accepts your kill.
You hit the yak but do no damage.
The yak looks as sick as possible!
You slash the yak!
The yak looks as sick as possible!
The yak gores you. The yak gores you but does no damage.
You slash the yak!
You kill the yak!
Lugonu accepts your kill.
You hit the yak.
The yak looks as sick as possible!
The yak gores you. The boulder beetle hits you!!!
Ouch! That really hurt!
You die...

.#####.. .......
##........ ......
........# ....#
#.......# ....#
#..°....# ....#
#..°....# ....#
#..○....###
....##########..YB......
................@†......
#....#####.........#####
#....# #.......).#
#....# #.........#
#....# #.........#
#....# #.........#
.....# +...........
.....# #............ ..
#............


You could see a boulder beetle (rolling) and a yak (extremely poisoned).

Vanquished Creatures
  Pikel (D:9)
  An unseen horror (D:11)
  3 hornets
  16 yaks
  A wraith (D:9)
  3 wyverns
  2 steam dragons
  A water moccasin (D:9)
  3 orc warriors
  3 ice beasts
  An ogre (D:6)
  4 centaurs
  5 kobold brigands
  A phantom (D:5)
  A bullfrog (D:7)
  A necrophage (D:6)
  A scorpion (D:6)
  2 wights
  2 killer bees (D:9)
  2 vampire bats (D:4)
  2 howler monkeys
  A hound (D:4)
  6 jellies
  6 orc priests
  10 orc wizards
  An iguana (D:4)
  2 howler monkey zombies (D:9)
  4 gnolls
  2 river rats
  11 adders
  4 worms
  5 dart slugs
  44 orcs
  11 endoplasms
  11 giant cockroaches
  7 goblins
  6 hobgoblins
  4 jackals (D:5)
  7 quokkas
  7 ball pythons
  15 bats
  12 frilled lizards
  34 kobolds
  12 rats
278 creatures vanquished.

Vanquished Creatures (collateral kills)
  3 yaks (D:10)
  A centaur (D:10)
  A kobold brigand (D:9)
  A hound (D:6)
  2 kobolds (D:9)
8 creatures vanquished.

Grand Total: 286 creatures vanquished

Notes
Turn   | Place    | Note
-------+----------+-------------------------------------------
     0 | Abyss:1  | oberst the Demonspawn Abyssal Knight began the quest for
                  | the Orb.
     0 | Abyss:1  | Reached XP level 1. HP: 18/18 MP: 2/2
    52 | D:1      | Escaped the Abyss
   105 | D:1      | Reached ** piety under Lugonu
   448 | D:1      | Discovered your monstrous ancestry.
   448 | D:1      | Gained mutation: You have a pair of small antennae on your
                  | head. [demonic ancestry]
   448 | D:1      | Reached XP level 2. HP: 22/24 MP: 4/4
  1522 | D:2      | Reached XP level 3. HP: 28/29 MP: 5/5
  1784 | D:2      | Gained mutation: You have a small tail. [demonic ancestry]
  1784 | D:2      | Reached XP level 4. HP: 4/37 MP: 6/6
  2468 | D:2      | Found a faded altar of an unknown god.
  2672 | D:2      | Reached skill level 1 in Unarmed Combat
  3449 | D:3      | Reached *** piety under Lugonu
  3949 | D:4      | Gained mutation: You have large cloven feet. [demonic
                  | ancestry]
  3949 | D:4      | Reached XP level 5. HP: 42/42 MP: 8/8
  4879 | D:4      | Reached XP level 6. HP: 48/49 MP: 9/9
  4897 | D:4      | Reached skill level 5 in Invocations
  4900 | D:4      | Identified the +1 trident of Ulent {vorpal, Dex+3}
  5030 | D:5      | Entered Level 5 of the Dungeon
  5260 | D:5      | Noticed Sigmund
  5265 | D:5      | Banished Sigmund
  5266 | D:5      | Reached skill level 5 in Fighting
  5266 | D:5      | Gained mutation: You have a tail ending in a sharp stinger.
                  | [demonic ancestry]
  5266 | D:5      | Reached XP level 7. HP: 48/56 MP: 6/11
  5573 | D:5      | Found a glowing drain.
  5588 | Sewer    | Entered a sewer
  5842 | Sewer    | Reached **** piety under Lugonu
  5857 | Sewer    | Reached skill level 5 in Unarmed Combat
  6389 | Sewer    | Gained mutation: A weak demonic guardian rushes to your
                  | aid. [demonic ancestry]
  6389 | Sewer    | Reached XP level 8. HP: 56/63 MP: 12/12
  6394 | Sewer    | Found a viscous altar of Jiyva.
  6623 | D:5      | Found a snail-covered altar of Cheibriados.
  7314 | D:6      | Noticed Prince Ribbit
  7318 | D:6      | Banished Prince Ribbit
  7440 | D:6      | Identified the +2 ring mail "Lasid" {rC+ Int+2}
  8226 | D:6      | Gained mutation: A demonic guardian rushes to your aid.
                  | [demonic ancestry]
  8226 | D:6      | Reached XP level 9. HP: 13/71 MP: 15/15
  8788 | D:6      | Found a stormy altar of Qazlal.
  8817 | D:6      | Found a shadowy altar of Dithmenos.
  8817 | D:6      | Identified the +4 sling "Ydaatoc" {flame, rElec rPois}
  9079 | D:7      | Found a runed translucent door.
  9127 | D:7      | Found a staircase to the Ecumenical Temple.
  9777 | D:8      | Noticed a troll
  9782 | D:8      | Banished a troll
  9927 | D:8      | Noticed Maurice
  9950 | D:8      | Banished Maurice
 10221 | D:8      | Identified the ring "Uhitiu Saebb" {*Slow rF+ Str+3 Int+2
                  | Dex+6}
 11100 | D:9      | Noticed Pikel
 11112 | D:9      | Killed Pikel
 11113 | D:9      | Gained mutation: You have a pair of antennae on your head.
                  | [demonic ancestry]
 11113 | D:9      | Reached XP level 10. HP: 74/80 MP: 17/17
 11128 | D:9      | Found a basalt altar of Yredelemnul.
 11400 | D:9      | Found a staircase to the Lair.
 11411 | D:9      | Reached skill level 10 in Invocations
 12815 | D:9      | Reached skill level 10 in Unarmed Combat
 13154 | D:9      | Found a shimmering altar of Xom.
 13155 | D:9      | Found a hazy altar of Hepliaklqana.
 13157 | D:9      | Found an ancient bone altar of Kikubaaqudgha.
 13291 | D:10     | Entered Level 10 of the Dungeon
 13387 | D:10     | Found a hide-covered altar of Uskayaw.
 13465 | D:10     | Found an iron altar of Okawaru.
 13483 | D:10     | Noticed Maggie
 13490 | D:10     | Banished Maggie
 13682 | D:10     | Found a staircase to the Orcish Mines.
 14098 | D:10     | Gained mutation: You have a pair of large antennae on your
                  | head. (SInv) [demonic ancestry]
 14098 | D:10     | Reached XP level 11. HP: 73/89 MP: 16/19
 14772 | D:10     | Found a bloodstained altar of Trog.
 14948 | D:11     | Noticed a boulder beetle
 14958 | D:11     | Slain by a boulder beetle

Illustrated notes

Levels and vault maps discovered:
D:1:      lightli_arrival_statuegarden, layout_basic, minmay_tiny_reverse_x
D:2:      layout_basic, shapermc_ecumenical_altar_mp_vishouse,
          minmay_quadrilaterals
D:3:      layout_basic, zin_scriptorium
D:4:      layout_basic, roderic_batcave, minmay_misc_feat_secret_circle
D:5:      layout_basic, cheibrodos_worm_habitat, portal_sewer_entry_b,
          hangedman_decor_slide_cut, uniq_sigmund
D:6:      layout_loops_corners, kennysheep_mini_moat,
          mainiacjoe_overflow_boulevard, uniq_prince_ribbit1
D:7:      layout_loops_ring, kennysheep_mini, temple_doors_cd,
          lightli_church_of_beogh
D:8:      layout_rooms, uniq_maurice
D:9:      layout_basic, lemuel_zombie_altar_yredelemnul,
          chequers_temple_overflow_statue_of_worship, lair_entry_dummy,
          kennysheep_donut, kennysheep_kite_vault, uniq_pikel
D:10:     layout_basic, trog_hazing_becter, okawaru_metal_pillars_1_2,
          nicolae_uskayaw_dance_hall, david_orc_5, uniq_maggie
D:11:     layout_irregular_city, serial_shops, nicolae_shop_crystal,
          serial_bayou_pond_e

Skill      XL: |  1  2  3  4  5  6  7  8  9 10 11 |
---------------+----------------------------------+-----
Axes           | 2 |  2.6
Invocations    | 3 4 5 6 8 9 11 | 11.9
Unarmed Combat | 1 2 4 5 7 9 10 11 | 11.2
Fighting       | 4 5 6 8 9 |  9.5
Armour         | |  1.7
Dodging        | |  0.8

Action                   |  1- 3 |  4- 6 |  7- 9 | 10-12 || total
-------------------------+-------+-------+-------+-------++-------
Melee: Hand axe          |   104 |   161 |   290 |   241 ||   796
       Tailslap          |       |    20 |    39 |    37 ||    96
       Kick              |       |    24 |    99 |    95 ||   218
       Punch             |       |     2 |    12 |    14 ||    28
Invok: Depart the Abyss  |     1 |       |       |       ||     1
       Banish            |       |     2 |    10 |     2 ||    14
Evoke: Wand              |       |       |     1 |       ||     1
  Use: Potion            |     1 |       |     3 |     1 ||     5
       Scroll            |       |     8 |     2 |     6 ||    16
 Stab: Sleeping          |     1 |       |       |       ||     1
Armor: Leather armour    |    26 |       |       |       ||    26
       Scale mail        |    22 |    16 |       |       ||    38
       Plate armour      |       |   127 |   228 |       ||   355
       Chain mail        |       |       |    33 |   222 ||   255
Dodge: Dodged            |    54 |    57 |    87 |   107 ||   305
